 Dungeon Crawl Stone Soup version 0.30.0-30-g96aa6591b8 (webtiles) character file.

Game seed: 11560564965341744388

77 Peloso the Trooper (level 4, -4/40 HPs)
             Began as a Minotaur Fighter on June 26, 2023.
             Slain by a cerulean imp
             ... wielding a +1 spear
             ... summoned by Natasha
              (6 damage)
             ... on level 2 of the Dungeon.
             The game lasted 00:01:44 (1014 turns).

Peloso the Trooper (Minotaur Fighter)               Turns: 1014, Time: 00:01:45

Health: -4/40      AC:  7    Str: 21    XL:     4   Next: 14%
Magic:  3/3        EV:  9    Int:  5    God:
Gold:   20         SH:  4    Dex: 11    Spells: 3/3 levels left

rFire   . . .        a - +0 long sword
rCold   . . .        c - +0 buckler
rNeg    . . .        b - +0 scale mail
rPois   .            (helmet restricted)
rElec   .            (no cloak)
rCorr   .            (no gloves)
SInv    .            (no boots)
Will    .....        (no amulet) Stlth
                     (no ring)
HPRegen 0.26/turn    (no ring)
MPRegen 0.08/turn

%: no passive effects
@: no status effects
A: horns 2, retaliatory headbutt
a: no special abilities


You were on level 2 of the Dungeon.
You visited 1 branch of the dungeon, and saw 2 of its levels.

You collected 20 gold pieces.

Inventory:

Hand Weapons
 a - a +0 long sword (weapon)
Armour
 b - a +0 scale mail (worn)
 c - a +0 buckler (worn)
Scrolls
 e - 4 scrolls of fear {unknown}
 i - 3 scrolls of enchant weapon {unknown}
 j - a scroll of enchant armour {unknown}
Potions
 d - a potion of might
 f - 2 potions of flight
 g - 2 potions of heal wounds {unknown}
 h - a potion of curing


   Skills:
 + Level 4.3 Fighting
 + Level 3.6 Long Blades
 + Level 4.1 Armour
 + Level 0.2 Dodging
 + Level 0.8 Stealth
 + Level 4.0 Shields


You had 3 spell levels left.
You didn't know any spells.
Your spell library contained the following spells:

 Spells                   Type           Power      Damage    Failure   Level
 Beastly Appendage        Tmut           0%         N/A       86%         1
 Magic Dart               Conj           0%         1d3       86%         1
 Blink                    Tloc           0%         N/A       95%         2
 Call Imp                 Summ           0%         N/A       95%         2
 Lesser Beckoning         Tloc           0%         N/A       95%         2
 Momentum Strike          Conj/Tloc      0%         3d8       95%         2
 Wereblood                Tmut           0%         N/A       95%         2
 Mephitic Cloud           Conj/Pois/Air  0%         N/A       99%         3
 Spider Form              Tmut/Pois      0%         N/A       99%         3


Dungeon Overview and Level Annotations

Branches:
Dungeon (2/15)

Altars:

Annotations:
D:2 Natasha


Innate Abilities, Weirdness & Mutations

You have a pair of horns on your head.
You reflexively headbutt those who attack you in melee.


Message History

You closely miss the goblin. The goblin closely misses you.
The goblin hits you with a +0 club.
You closely miss the goblin. The goblin hits you but does no damage.
You closely miss the goblin. You block the goblin's attack.
You closely miss the goblin. The goblin hits you but does no damage.
You slash the goblin!
You kill the goblin!
You see here a +0 club.
Natasha, Servant of Life and Death comes into view.
Natasha is nearby!
Natasha is nearby!
Natasha hisses angrily.
Natasha drinks a potion.
Natasha flickers and vanishes!
Deactivating autopickup; reactivate with Ctrl-A.
Something claws you.
You miss something. Something claws you.
You barely miss something. Your headbutt misses something.
You hear some strange, mumbled words.
You miss something. Your headbutt misses something.
Something claws you but does no damage. Something claws you.
You hit something but do no damage. Your headbutt misses something.
The cerulean imp hits you but does no damage.
Something claws you.
You hit something.
The cerulean imp hits you from afar with a +1 spear.
Something claws you but does no damage. The cerulean imp closely misses you.
You closely miss something. Your headbutt misses something.
You hear some strange, mumbled words.
Something tries to affect you, but you resist.
You block the cerulean imp's attack.
You closely miss something. Something claws you but does no damage.
The cerulean imp hits you but does no damage.
Something claws you.
* * * LOW HITPOINT WARNING * * *
You closely miss something. Your headbutt misses something.
The cerulean imp barely misses you. Something claws you!
* * * LOW HITPOINT WARNING * * *
You hit something but do no damage. Your headbutt misses something.
The cerulean imp hits you from afar with a +1 spear.
You die...

#.#.....†)..##.#.#.....
#.....##.##.##.......##
##............#.#.#####
##...............#)#
#...........#......#
###.......##.##.#.###
..##......##......#
#^##.......5....###
#.##.....@{.....#
#.###...#####...#
#.....)## ..#
########.####.# [
.....#......#.# .
.....#.#.##.#.######...
.....#.#.##.#.#........
.......#......†..?.....
.......##.#.###>.......


You could see a cerulean imp (summoned).

Vanquished Creatures
  Natasha (D:2)
  An adder (D:2)
  4 ball pythons
  3 endoplasms (D:1)
  2 giant cockroaches
  7 goblins
  4 hobgoblins (D:1)
  4 jackals (D:1)
  3 kobolds
  2 quokkas (D:1)
  4 frilled lizards
  3 rats
38 creatures vanquished.

Notes
Turn   | Place    | Note
-------+----------+-------------------------------------------
     0 | D:1      | Peloso the Minotaur Fighter began the quest for the Orb.
     0 | D:1      | Reached XP level 1. HP: 19/19 MP: 0/0
   122 | D:1      | Reached XP level 2. HP: 27/27 MP: 1/1
   496 | D:1      | Reached XP level 3. HP: 31/33 MP: 2/2
   964 | D:2      | Noticed Natasha
   978 | D:2      | Killed Natasha
   979 | D:2      | Reached XP level 4. HP: 30/40 MP: 3/3
  1002 | D:2      | Noticed Natasha
  1013 | D:2      | HP: 1/40 [something (8)]
  1014 | D:2      | Slain by a cerulean imp

Illustrated notes

Levels and vault maps discovered:
D:1:      dpeg_arrival_lava_temple_mockup, layout_basic
D:2:      layout_loops_cross, grunt_ministairs_9, uniq_natasha

Skill      XL: |  1  2  3 |
---------------+----------+-----
Fighting       | 4 |  4.3
Armour         | 4 |  4.1
Long Blades    | 3 |  3.6
Shields        | 4 |  4.0
Dodging        | |  0.2
Stealth        | |  0.8

Action                     |  1- 3 |  4- 6 || total
---------------------------+-------+-------++-------
  Melee: Long sword        |    70 |    15 ||    85
         Headbutt          |     7 |       ||     7
    Use: Potion            |     3 |       ||     3
 Armour: Scale mail        |    34 |     7 ||    41
  Dodge: Dodged            |    46 |     3 ||    49
  Block: Buckler           |    15 |     2 ||    17
